[Event "WTCC-65 2018"]
[Site "Radebeul"]
[Date "2018.07.10"]
[Round "4"]
[White "Weisenburger, Horst"]
[Black "Haakert, Juergen"]
[Result "1/2-1/2"]
[ECO "A40"]
[WhiteElo "2096"]
[BlackElo "2302"]
[Annotator "NA"]
[PlyCount "90"]
[EventDate "2018.07.07"]
[EventType "team-tourn"]
[EventCountry "GER"]
[SourceTitle "playchess.com"]
[Source "ChessBase"]
[SourceQuality "1"]
[TimeControl "40/5400+30:1800+30"]

1. d4 e6 2. Nf3 c5 3. c3 Nc6 4. Bf4 Nf6 5. e3 b6 6. Nbd2 {[%emt 0:02:45] A46: 1 d4 Nf6 2 Nf3 e6: Torre, London and Colle Systems} Bb7 7. Bd3 d5 8. Ne5 Bd6 9. Ndf3 (9. Bg3 O-O 10. f4 Ne7 11. O-O Ne4 12. Qc2 f6 13. Nef3 Nxg3 14. hxg3 f5 15. g4 c4 16. Be2 Qe8 17. Ne5 Bxe5 18. dxe5 {1-0 (52) Zhao,X (2504)-Kosteniuk,A (2555) Doha 2016}) 9... O-O 10. Bg5 Be7 11. h4 ({Predecessor:} 11. Bc2 Re8 12. O-O Rc8 13. Nxc6 Bxc6 14. Ne5 Bb7 15. Re1 Qc7 16. Rc1 Nd7 17. Bf4 Bd6 18. Nxd7 Bxf4 {0-1 (62) Rozo Pulido,C (1456)-Valencia Lopez,D (1607) Ibague 2013}) 11... Ne4 12. Nxc6 Bxc6 13. Bxe7 Qxe7 14. Ne5 Be8 15. f3 Nd6 16. Qc2 g6 17. h5 Qg5 18. Qf2 Nf5 19. f4 Qg3 20. Bxf5 Qxf2+ 21. Kxf2 gxf5 22. Rag1 f6 23. Nf3 Kh8 24. g4 fxg4 25. Rxg4 Bf7 26. Rgh4 Rae8 27. Rg1 Rg8 28. Nh2 Rxg1 29. Kxg1 e5 30. dxe5 fxe5 31. Kf2 d4 32. exd4 exd4 33. cxd4 cxd4 34. Nf3 Bxa2 35. Nxd4 Re4 36. Nb5 a6 37. Nc3 Rb4 38. Nd1 Kg7 39. h6+ Kf6 40. Rg4 Bb1 41. Ke3 Bg6 42. Rg2 Re4+ 43. Kf3 Rb4 44. Ke3 $11 Re4+ 45. Kf3 Rb4 {[%emt 0:00:07] Ke4 Ke5+} 1/2-1/2

[Event "WTCC-65 2018"]
[Site "Radebeul"]
[Date "2018.07.10"]
[Round "4"]
[White "Lindner, Jan-Joost"]
[Black "Seret, Jean-Luc"]
[Result "0-1"]
[ECO "B00"]
[WhiteElo "2058"]
[BlackElo "2353"]
[Annotator "NA"]
[PlyCount "100"]
[EventDate "2018.07.07"]
[EventType "team-tourn"]
[EventCountry "GER"]
[SourceTitle "playchess.com"]
[Source "ChessBase"]
[SourceQuality "1"]
[TimeControl "40/5400+30:1800+30"]

1. e4 b6 2. Be2 Bb7 3. d3 d5 4. exd5 Nf6 5. Nc3 Nxd5 6. Nxd5 Bxd5 7. Bf3 e6 8. Bxd5 Qxd5 9. Qf3 c6 10. Qxd5 cxd5 11. d4 Nc6 12. c3 Bd6 13. Ne2 Kd7 14. Bf4 Be7 15. O-O Rhc8 16. Nc1 Na5 17. Nd3 f6 18. h4 Nc4 19. Rfe1 Bd6 20. Re2 Re8 21. Rae1 Re7 22. f3 Rae8 23. Bxd6 Kxd6 24. Rd1 Kd7 25. Kf2 Nd6 26. g3 Nc4 27. Nf4 Nd6 28. Nd3 Nb5 29. Nf4 Nc7 30. Nd3 Kc6 31. Rde1 a5 32. a4 Kd6 33. f4 h5 34. Kf3 Na6 35. Rc1 Rc8 36. b3 Nb8 37. Ke3 Nc6 38. Kd2 Rec7 39. Rce1 Nd8 40. Rc1 Nf7 41. Rce1 Re7 42. f5 e5 43. Nf4 Rec7 44. c4 exf4 45. Re6+ Kd7 46. c5 bxc5 47. Re7+ Kc6 48. dxc5 Rxe7 49. Rxe7 fxg3 50. Rxf7 Rc7 0-1

[Event "WTCC-65 2018"]
[Site "Radebeul"]
[Date "2018.07.10"]
[Round "4"]
[White "Kratschmer, Heinz"]
[Black "Hammar, Bengt"]
[Result "1/2-1/2"]
[ECO "A48"]
[WhiteElo "2032"]
[BlackElo "2159"]
[Annotator "NA"]
[PlyCount "78"]
[EventDate "2018.07.07"]
[EventType "team-tourn"]
[EventCountry "GER"]
[SourceTitle "playchess.com"]
[Source "ChessBase"]
[SourceQuality "1"]
[TimeControl "40/5400+30:1800+30"]

1. d4 Nf6 2. Nf3 g6 3. Nc3 d5 4. Bf4 Bg7 5. e3 O-O 6. Be2 b6 7. Ne5 Bb7 8. h4 Nfd7 9. h5 Nxe5 10. Bxe5 Nd7 11. hxg6 hxg6 12. Bxg7 Kxg7 13. Qd2 Rh8 14. O-O-O Nf6 15. f3 Qd6 16. f4 Qd7 17. Bf3 Rxh1 18. Rxh1 Rh8 19. Rxh8 Kxh8 20. Qe1 Kg7 21. Qh4 Qe6 22. Nd1 Bc8 23. Qg5 Qf5 24. Qh4 c5 25. c3 Qd3 26. g4 Qf1 27. Qf2 Qa6 28. g5 Ne4 29. Bxe4 dxe4 30. dxc5 Qxa2 31. cxb6 Qa1+ 32. Kd2 axb6 33. Ke1 Bg4 34. Qc2 Bxd1 35. Qxd1 Qxb2 36. Qd4+ Kh7 37. c4 Qc2 38. Qd5 Kg7 39. Qe5+ Kg8 1/2-1/2

[Event "WTCC-65 2018"]
[Site "Radebeul"]
[Date "2018.07.11"]
[Round "5"]
[White "Balashov, Yuri S"]
[Black "Mishuchkov, Nikolai M"]
[Result "1-0"]
[ECO "B46"]
[WhiteElo "2423"]
[BlackElo "2311"]
[Annotator "NA RC"]
[PlyCount "76"]
[EventDate "2018.07.07"]
[EventType "team-tourn"]
[EventCountry "GER"]
[SourceTitle "playchess.com"]
[Source "ChessBase"]
[SourceQuality "1"]
[TimeControl "40/5400+30:1800+30"]

1. e4 c5 2. Nf3 e6 3. Nc3 Nc6 4. d4 cxd4 5. Nxd4 a6 6. Be3 Nf6 7. Bd3 Qc7 8. O-O Bd6 9. h3 Bf4 10. Bxf4 Qxf4 11. Nxc6 dxc6 12. Qe2 e5 13. a4 Qg5 14. Qf3 h5 15. a5 Bg4 16. Qg3 h4 17. f4 exf4 18. Qxf4 Qxf4 19. Rxf4 Be6 20. e5 Nd7 21. Bf5 O-O-O 22. Bxe6 fxe6 23. Raa4 Nxe5 24. Rxh4 Rxh4 25. Rxh4 Rd2 26. Rh8+ Kc7 27. Rh7 Rd7 28. Na4 Re7 29. Nc5 Kd6 30. b4 Nc4 31. h4 Ne3 32. c3 Nd5 33. h5 Nf6 34. Rh8 Kd5 35. h6 gxh6 36. Rxh6 Ne8 37. Rh4 e5 38. c4+ Kd6 1-0

[Event "WTCC-65 2018"]
[Site "Radebeul"]
[Date "2018.07.11"]
[Round "5"]
[White "Schmidt, Bodo"]
[Black "Boidman, Yuri"]
[Result "0-1"]
[ECO "E10"]
[WhiteElo "2344"]
[BlackElo "2358"]
[Annotator "NA"]
[PlyCount "112"]
[EventDate "2018.07.07"]
[EventType "team-tourn"]
[EventCountry "GER"]
[SourceTitle "playchess.com"]
[Source "ChessBase"]
[SourceQuality "1"]
[TimeControl "40/5400+30:1800+30"]

1. d4 Nf6 2. Nf3 c5 3. d5 e6 4. c4 b5 5. Bg5 exd5 6. cxd5 Qa5+ 7. Bd2 {[%emt 0:05:40] E10: Blumenfeld Gambit} Qb6 8. e4 d6 9. a4 b4 10. Bg5 Be7 11. Nbd2 h6 $146 ({Predecessor:} 11... O-O 12. Nc4 Qd8 13. e5 Ne8 14. Bf4 Bb7 {0-1 (62) Song,M (2181)-Sambuev,B (2532) Aurora 2014}) 12. Bb5+ Nbd7 13. Nc4 Qc7 14. Bxf6 Bxf6 15. e5 dxe5 16. O-O O-O 17. d6 Qb7 18. Bxd7 Bxd7 19. Nfxe5 Be6 20. Rc1 Rfd8 21. f4 Rac8 22. Qd3 Qa6 23. b3 Bxc4 24. Nxc4 Bd4+ 25. Kh1 Rxd6 26. Rce1 Re6 27. f5 Rxe1 28. Rxe1 Qc6 29. Qe4 Qxe4 30. Rxe4 Rd8 31. g4 Bf6 32. Kg2 Bg5 33. Re5 Rd3 34. Rxc5 Rxb3 35. Rc8+ Kh7 36. Ne5 Rc3 37. Rf8 Bf6 38. Nxf7 g6 39. Nd6 Bg7 40. Rf7 Kg8 41. fxg6 Rc6 42. Rd7 Bf8 43. Ne4 a6 44. h4 Rxg6 45. g5 hxg5 46. hxg5 Bg7 47. Rb7 a5 48. Rb5 Rc6 49. Kf3 Bd4 50. Rd5 Bg7 51. Kf4 b3 52. Rb5 $2 (52. Rxa5 $15 b2 53. Rb5) 52... b2 53. Nf6+ $2 (53. Rb8+ Kh7 54. Kf5) 53... Bxf6 54. gxf6 Rc4+ 55. Ke5 Rb4 56. Rxa5 b1=Q 0-1

[Event "WTCC-65 2018"]
[Site "Radebeul"]
[Date "2018.07.11"]
[Round "5"]
[White "Renman, Nils-Gustaf"]
[Black "Nevednichy, Boris M"]
[Result "1-0"]
[ECO "E11"]
[WhiteElo "2343"]
[BlackElo "2115"]
[Annotator "ChessBase"]
[PlyCount "115"]
[EventDate "2018.07.07"]
[EventType "team-tourn"]
[EventCountry "GER"]
[SourceTitle "playchess.com"]
[Source "ChessBase"]
[SourceQuality "1"]
[TimeControl "40/5400+30:1800+30"]

1. d4 Nf6 2. c4 e6 3. Nf3 Bb4+ 4. Bd2 Be7 5. Nc3 d5 6. Qc2 O-O 7. e4 dxe4 8. Nxe4 Nc6 9. Bc3 Nb4 10. Nxf6+ gxf6 11. Qd2 a5 12. a3 c5 13. axb4 cxb4 14. Bd3 bxc3 15. bxc3 f5 16. Qh6 Bf6 17. g4 Bg7 18. Qh5 Qe8 19. gxf5 exf5+ 20. Kd2 Ra6 21. Rhg1 Kh8 22. Bxf5 Bxf5 23. Qxf5 Rf6 24. Qd3 Qb8 25. Rg4 Qc8 26. Rh4 Qf5 27. Qxf5 Rxf5 28. Rh3 b6 29. Kd3 Ra8 30. Ra2 Re8 31. Re2 Rxe2 32. Kxe2 a4 33. Rg3 Bf8 34. Rg1 a3 35. Ne5 Bd6 36. Nd7 a2 37. Ra1 Ra5 38. h3 Bc7 39. Kd3 Ra8 40. c5 bxc5 41. Nxc5 Bd6 42. Nb3 Bf4 43. c4 Bg5 44. Kc3 Bh4 45. f3 Re8 46. Rxa2 Re3+ 47. Kb4 Be1+ 48. Ka4 Rxf3 49. Rc2 f5 50. c5 Bg3 51. d5 Rd3 52. Rd2 Re3 53. d6 Re8 54. Nd4 Be1 55. Re2 Ra8+ 56. Kb5 Ra5+ 57. Kb6 Ra1 58. Rxe1 1-0

[Event "WTCC-65 2018"]
[Site "Radebeul"]
[Date "2018.07.11"]
[Round "5"]
[White "Karasev, Vladimir I"]
[Black "Rashkovsky, Nukhim N"]
[Result "1/2-1/2"]
[ECO "B52"]
[WhiteElo "2337"]
[BlackElo "2483"]
[Annotator "ChessBase"]
[PlyCount "36"]
[EventDate "2018.07.07"]
[EventType "team-tourn"]
[EventCountry "GER"]
[SourceTitle "playchess.com"]
[Source "ChessBase"]
[SourceQuality "1"]
[TimeControl "40/5400+30:1800+30"]

1. e4 c5 2. Nf3 d6 3. Bb5+ Bd7 4. Bxd7+ Nxd7 5. c4 Ne5 6. Nxe5 dxe5 7. Qa4+ Qd7 8. Qxd7+ Kxd7 9. Nc3 e6 10. d3 Ne7 11. O-O Nc6 12. f4 Bd6 13. f5 Be7 14. fxe6+ fxe6 15. Rf7 Rhg8 16. Be3 Ke8 17. Rf3 Rd8 18. Rd1 h5 1/2-1/2

[Event "WTCC-65 2018"]
[Site "Radebeul"]
[Date "2018.07.11"]
[Round "5"]
[White "Bellin, Robert"]
[Black "Espig, Lutz"]
[Result "1-0"]
[ECO "B40"]
[WhiteElo "2333"]
[BlackElo "2258"]
[Annotator "NA"]
[PlyCount "99"]
[EventDate "2018.07.07"]
[EventType "team-tourn"]
[EventCountry "GER"]
[SourceTitle "playchess.com"]
[Source "ChessBase"]
[SourceQuality "1"]
[TimeControl "40/5400+30:1800+30"]

1. e4 c5 2. Nf3 e6 3. b3 d6 4. Bb2 Nc6 5. Bb5 Bd7 6. O-O Nf6 7. Re1 Be7 8. Bf1 {[%emt 0:07:27] B50: Sicilian: 2...d6, Miscellaneous} (8. c4 O-O 9. Bxc6 Bxc6 10. Nc3 e5 11. d3 g6 12. Nd2 Nh5 13. Nd5 Bg5 14. Nf1 Bxd5 15. cxd5 f5 {1-0 (42) Kulaots,K (2563)-Neiksans,A (2559) Wroclaw 2014}) 8... O-O 9. d3 e5 $146 ({Predecessor:} 9... b5 10. Nbd2 Qb6 11. c4 b4 12. h3 a5 13. g4 a4 14. Rb1 axb3 15. axb3 e5 {1-0 (57) Vojta,T (2369)-Rehorek,M (2280) Czechia 2011}) 10. c3 Re8 11. Nbd2 Bf8 12. a3 d5 13. exd5 Nxd5 14. g3 Nc7 15. Nc4 f6 16. b4 Be6 17. Ne3 Qd7 18. Qc2 Rac8 19. Rad1 Qf7 20. Qb1 Nd5 21. b5 Na5 22. c4 Nxe3 23. Rxe3 b6 24. Bg2 h6 25. Rde1 Kh8 26. Nd2 Rcd8 27. Bc3 Bf5 28. Bxa5 bxa5 29. Nb3 a4 30. Na5 Rd6 31. Qc2 Qg6 32. Be4 Bxe4 33. dxe4 Be7 34. Nc6 Bd8 35. Rd1 Rd4 36. Nxd4 exd4 37. Re2 Bb6 38. Qd3 Qg4 39. f3 Qh3 40. Rf2 f5 41. Re2 fxe4 42. Rxe4 Rf8 43. Rg4 Qh5 44. Re1 Bd8 45. h4 Bf6 46. Kg2 Qf7 47. Rge4 Qd7 48. Rf4 Rd8 49. Rf5 Qc7 50. Re6 $18 1-0

[Event "WTCC-65 2018"]
[Site "Radebeul"]
[Date "2018.07.11"]
[Round "5"]
[White "Rotstein, Jefim"]
[Black "Hort, Vlastimil"]
[Result "0-1"]
[ECO "D04"]
[WhiteElo "2318"]
[BlackElo "2421"]
[Annotator "NA"]
[PlyCount "104"]
[EventDate "2018.07.07"]
[EventType "team-tourn"]
[EventCountry "GER"]
[SourceTitle "playchess.com"]
[Source "ChessBase"]
[SourceQuality "1"]
[TimeControl "40/5400+30:1800+30"]

1. d4 d5 2. Nf3 Nf6 3. e3 c6 4. c4 g6 5. Nc3 Bg7 6. cxd5 cxd5 7. Bd3 O-O 8. O-O Nc6 9. Bd2 b6 10. Rc1 Bb7 11. a3 e6 12. b4 Qe7 13. b5 Na5 14. Na4 Rfc8 15. Bxa5 bxa5 16. Nc5 Ne4 17. Nxb7 Rxc1 18. Qxc1 Qxb7 19. Qc6 Rb8 20. Rc1 Bf8 21. a4 Nd6 22. Qxb7 Nxb7 23. Ne5 Bd6 24. Rc6 Rd8 25. f4 f6 26. Nf3 Rd7 27. Ra6 Nd8 28. Rxa5 Kf7 29. Ra6 Ke7 30. a5 Bb8 31. b6 Rb7 32. Bb5 axb6 33. axb6 Bd6 34. Nd2 e5 35. fxe5 fxe5 36. Nb3 exd4 37. exd4 Rb8 38. Nc5 Rc8 39. Ra7+ Kf6 40. b7 Rxc5 41. Ra6 Rxb5 42. Rxd6+ Ke7 43. Rxd5 Rxb7 44. Kf2 Rb2+ 45. Kg3 Rd2 46. h4 Ne6 47. h5 Rxg2+ 48. Kf3 Rg5 49. Rxg5 Nxg5+ 50. Kg4 Nf7 51. hxg6 hxg6 52. Kf4 Kf6 0-1

[Event "WTCC-65 2018"]
[Site "Radebeul"]
[Date "2018.07.11"]
[Round "5"]
[White "Schulze, Ulrich"]
[Black "Gruzmann, Boris"]
[Result "1/2-1/2"]
[ECO "E63"]
[WhiteElo "2313"]
[BlackElo "2176"]
[Annotator "ChessBase"]
[PlyCount "150"]
[EventDate "2018.07.07"]
[EventType "team-tourn"]
[EventCountry "GER"]
[SourceTitle "playchess.com"]
[Source "ChessBase"]
[SourceQuality "1"]
[TimeControl "40/5400+30:1800+30"]

1. d4 Nf6 2. Nf3 g6 3. g3 Bg7 4. Bg2 O-O 5. c4 d6 6. Nc3 Nc6 7. O-O a6 8. b3 Rb8 9. Nd5 Nh5 10. Bb2 f5 11. Qd2 e6 12. Nf4 Nxf4 13. gxf4 Ne7 14. Rac1 b5 15. Rfd1 bxc4 16. bxc4 Qd7 17. Rc3 Bb7 18. Rb3 Be4 19. Ng5 Bxg2 20. Kxg2 h6 21. Nf3 Qa4 22. Qe3 Qxc4 23. Rc1 Qd5 24. Rxc7 Rxb3 25. axb3 Bf6 26. Kg3 Rb8 27. Rc4 Qe4 28. Qxe4 fxe4 29. Nd2 d5 30. Ra4 Nf5+ 31. Kg2 e3 32. fxe3 Nxe3+ 33. Kf3 Nd1 34. Ba1 Rb6 35. e3 Rc6 36. Ke2 Nc3+ 37. Bxc3 Rxc3 38. Rxa6 Kf7 39. Ra7+ Kf8 40. Ra1 g5 41. fxg5 Bxg5 42. Rf1+ Ke7 43. Rf3 Kd6 44. Rg3 e5 45. dxe5+ Kxe5 46. Nf3+ Ke4 47. Nd2+ Ke5 48. h4 Be7 49. Nf3+ Kf6 50. h5 Rxb3 51. Rg6+ Kf7 52. Ne5+ Kf8 53. Ng4 Bg5 54. Rd6 Rb5 55. Nxh6 Bxh6 56. Rxh6 Ke7 57. Rh8 Kf7 58. Kd3 Kg7 59. Rd8 Rb3+ 60. Kd4 Rb4+ 61. Kxd5 Rb5+ 62. Ke6 Rxh5 63. e4 Ra5 64. e5 Ra6+ 65. Ke7 Ra7+ 66. Rd7 Ra8 67. Rc7 Ra5 68. e6 Ra8 69. Rb7 Rc8 70. Kd7 Ra8 71. Ke7 Rc8 72. Rb4 Rc7+ 73. Kd8 Ra7 74. e7 Ra8+ 75. Kc7 Kf7 1/2-1/2

[Event "WTCC-65 2018"]
[Site "Radebeul"]
[Date "2018.07.11"]
[Round "5"]
[White "Pushkov, Nikolai"]
[Black "Shushpanov, Vladimir"]
[Result "1/2-1/2"]
[ECO "A06"]
[WhiteElo "2311"]
[BlackElo "2198"]
[Annotator "NA"]
[PlyCount "45"]
[EventDate "2018.07.07"]
[EventType "team-tourn"]
[EventCountry "GER"]
[SourceTitle "playchess.com"]
[Source "ChessBase"]
[SourceQuality "1"]
[TimeControl "40/5400+30:1800+30"]

1. Nf3 d5 2. b3 Bf5 3. Bb2 e6 4. e3 Nf6 5. Be2 h6 6. d4 c5 7. O-O Nc6 8. c4 cxd4 9. Nxd4 Nxd4 10. Qxd4 a6 11. cxd5 Qxd5 12. Bf3 Qxd4 13. Bxd4 Be4 14. Bxe4 Nxe4 15. Rc1 f6 16. Nc3 Nxc3 17. Rxc3 Bd6 18. Rd1 Ke7 19. Bb6 Rac8 20. Rcd3 Rc6 21. Rxd6 Rxd6 22. Bc5 Rhd8 23. Bb6 1/2-1/2

[Event "WTCC-65 2018"]
[Site "Radebeul"]
[Date "2018.07.11"]
[Round "5"]
[White "Khanukov, Boris"]
[Black "Buchal, Stephan"]
[Result "1-0"]
[ECO "E91"]
[WhiteElo "2273"]
[BlackElo "2329"]
[Annotator "ChessBase"]
[PlyCount "129"]
[EventDate "2018.07.07"]
[EventType "team-tourn"]
[EventCountry "GER"]
[SourceTitle "playchess.com"]
[Source "ChessBase"]
[SourceQuality "1"]
[TimeControl "40/5400+30:1800+30"]

1. d4 g6 2. c4 Bg7 3. Nf3 d6 4. Nc3 Nf6 5. e4 O-O 6. Be2 Na6 7. O-O e5 8. Re1 c6 9. Rb1 exd4 10. Nxd4 Re8 11. Bf1 Nc5 12. f3 a5 13. Be3 Nh5 14. Qd2 a4 15. b4 axb3 16. axb3 Ra3 17. b4 Ne6 18. Nde2 Be5 19. Nd1 c5 20. bxc5 dxc5 21. Qxd8 Rxd8 22. Bf2 Rd2 23. Ne3 Nd4 24. Nd5 Kg7 25. Be3 Rc2 26. f4 Nxe2+ 27. Rxe2 Rxe2 28. Bxe2 Bd4 29. Bxd4+ cxd4 30. Bxh5 gxh5 31. f5 Bd7 32. Rd1 d3 33. Kf2 Ra2+ 34. Kf3 Rc2 35. Rxd3 Bc6 36. Rc3 Rd2 37. h4 Rd1 38. g3 f6 39. Ke3 Kf7 40. Rd3 Re1+ 41. Kd4 Re2 42. Re3 Rb2 43. Kc5 Rd2 44. Nb4 Rd8 45. Kb6 Rc8 46. c5 Kf8 47. Nxc6 Rxc6+ 48. Kb5 Ra6 49. Rb3 Rc6 50. Kc4 Rc7 51. Rb6 Kf7 52. Kd5 Rd7+ 53. Rd6 Re7 54. Kd4 Kg7 55. Rd8 Kf7 56. Rh8 Rd7+ 57. Kc4 Kg7 58. Rb8 Kf7 59. Kb5 Rc7 60. Rh8 Kg7 61. Rd8 Kf7 62. Rd5 Re7 63. Kb6 Kg7 64. Rd8 Rxe4 65. Kxb7 1-0

[Event "WTCC-65 2018"]
[Site "Radebeul"]
[Date "2018.07.11"]
[Round "5"]
[White "Ackermann, Hans Werner"]
[Black "Krueger, Erich"]
[Result "1-0"]
[ECO "A05"]
[WhiteElo "2267"]
[BlackElo "2126"]
[Annotator "NA"]
[PlyCount "59"]
[EventDate "2018.07.07"]
[EventType "team-tourn"]
[EventCountry "GER"]
[SourceTitle "playchess.com"]
[Source "ChessBase"]
[SourceQuality "1"]
[TimeControl "40/5400+30:1800+30"]

1. Nf3 Nf6 2. b3 g6 3. Bb2 Bg7 4. g3 d6 5. d4 O-O 6. Bg2 c5 7. O-O Nc6 8. c4 Bg4 9. Nbd2 Qb6 10. d5 Nb4 11. a3 Na6 12. h3 Bxf3 13. exf3 Qc7 14. f4 Qd7 15. Re1 Rfe8 16. Rb1 Rab8 17. Nf1 b5 18. Ne3 Nc7 19. Qc2 bxc4 20. bxc4 Rb6 21. Bc3 Reb8 22. Rxb6 Rxb6 23. Rb1 Nfe8 24. Rxb6 axb6 25. Ng4 b5 26. Bf1 bxc4 27. Bxc4 h5 28. Bxg7 Kxg7 29. Ne3 Qxh3 30. f5 1-0

[Event "WTCC-65 2018"]
[Site "Radebeul"]
[Date "2018.07.11"]
[Round "5"]
[White "Giffard, Nicolas"]
[Black "Gass, Ulrich"]
[Result "1-0"]
[ECO "E61"]
[WhiteElo "2260"]
[BlackElo "2072"]
[Annotator "NA"]
[PlyCount "89"]
[EventDate "2018.07.07"]
[EventType "team-tourn"]
[EventCountry "GER"]
[SourceTitle "playchess.com"]
[Source "ChessBase"]
[SourceQuality "1"]
[TimeControl "40/5400+30:1800+30"]

1. d4 Nf6 2. c4 g6 3. Nc3 Bg7 4. Bg5 c5 5. e3 Qa5 6. Qd2 cxd4 7. exd4 Nc6 8. Nf3 O-O 9. Be2 d6 10. d5 Nb8 11. O-O Bg4 12. h3 Bxf3 13. Bxf3 Nbd7 14. Rac1 Rac8 15. Be2 Rfe8 16. Rfe1 a6 17. Bf1 Ne5 18. b3 Qa3 19. Nb1 Qc5 20. Be3 Qc7 21. Bd4 Nh5 22. Be2 Nf6 23. f4 Ned7 24. Bf3 Nf8 25. Qb2 Red8 26. Nd2 Ne8 27. Bg4 Bxd4+ 28. Qxd4 f5 29. Bf3 Ng7 30. Re3 Re8 31. Rce1 Kf7 32. Kh1 a5 33. Qb2 Qd8 34. Nb1 Nd7 35. Nc3 Nf6 36. Nb5 a4 37. Qd4 Qa5 38. Rxe7+ Rxe7 39. Nxd6+ Kg8 40. Rxe7 Rf8 41. Nxb7 Qb4 42. Nc5 axb3 43. axb3 Nfh5 44. d6 Rc8 45. d7 1-0

[Event "WTCC-65 2018"]
[Site "Radebeul"]
[Date "2018.07.11"]
[Round "5"]
[White "Stebbings, Anthony J"]
[Black "Weiss, Werner"]
[Result "0-1"]
[ECO "B07"]
[WhiteElo "2257"]
[BlackElo "2116"]
[Annotator "NA"]
[PlyCount "52"]
[EventDate "2018.07.07"]
[EventType "team-tourn"]
[EventCountry "GER"]
[SourceTitle "playchess.com"]
[Source "ChessBase"]
[SourceQuality "1"]
[TimeControl "40/5400+30:1800+30"]

1. d4 d6 2. e4 Nf6 3. Nc3 e5 4. Nf3 exd4 5. Nxd4 Be7 6. Bc4 O-O 7. O-O Re8 8. Re1 Nbd7 9. a4 c6 10. Nf5 Ne5 11. Nxe7+ Qxe7 12. Bf1 Bg4 13. f3 Bh5 14. h3 d5 15. Bg5 d4 16. Nb1 Qc5 17. Bh4 d3+ 18. Bf2 Qxc2 19. Qxc2 dxc2 20. Nd2 Rad8 21. Nc4 Nxc4 22. Bxc4 Nxe4 23. fxe4 Rd1 24. Bb3 Rxe4 25. Bxc2 Rexe1+ 26. Bxe1 Rxa1 0-1

[Event "WTCC-65 2018"]
[Site "Radebeul"]
[Date "2018.07.11"]
[Round "5"]
[White "Bartsch, Berthold"]
[Black "Riesenbeck, Juergen"]
[Result "1-0"]
[ECO "A00"]
[WhiteElo "2248"]
[BlackElo "2092"]
[Annotator "NA"]
[PlyCount "81"]
[EventDate "2018.07.07"]
[EventType "team-tourn"]
[EventCountry "GER"]
[SourceTitle "playchess.com"]
[Source "ChessBase"]
[SourceQuality "1"]
[TimeControl "40/5400+30:1800+30"]

1. Nc3 d5 2. e4 d4 3. Nce2 e5 4. d3 Nc6 5. g3 Nf6 6. Bg2 Bc5 7. h3 h6 8. f4 exf4 9. gxf4 Nh5 10. Nf3 Qd6 11. O-O Bd7 12. a3 O-O-O 13. Qe1 g5 14. b4 Bb6 15. b5 Ne7 16. fxg5 hxg5 17. Bxg5 Rdg8 18. e5 Qg6 19. h4 Nf5 20. Qf2 Ne3 21. a4 Bc5 22. Rfc1 Nxg2 23. Qxg2 Qe6 24. c3 dxc3+ 25. d4 Be7 26. Rxc3 f6 27. exf6 Bxf6 28. Rac1 c6 29. Ne5 Bxg5 30. hxg5 Rxg5 31. Qxg5 Rg8 32. Qxg8+ Qxg8+ 33. Kf2 Qd5 34. bxc6 bxc6 35. Nxc6 Qf7+ 36. Ke1 Bxc6 37. Rxc6+ Kb7 38. a5 Qe8 39. a6+ Kb8 40. Kd2 Nf6 41. Rxf6 1-0

[Event "WTCC-65 2018"]
[Site "Radebeul"]
[Date "2018.07.11"]
[Round "5"]
[White "Ulrichsen, Jarl H"]
[Black "Nehmert, Ulrich"]
[Result "0-1"]
[ECO "D45"]
[WhiteElo "2196"]
[BlackElo "2220"]
[Annotator "NA"]
[PlyCount "96"]
[EventDate "2018.07.07"]
[EventType "team-tourn"]
[EventCountry "GER"]
[SourceTitle "playchess.com"]
[Source "ChessBase"]
[SourceQuality "1"]
[TimeControl "40/5400+30:1800+30"]

1. d4 Nf6 2. Nf3 d5 3. c4 c6 4. Nc3 e6 5. e3 Be7 6. Bd3 O-O 7. O-O Nbd7 8. Qe2 Qc7 9. cxd5 {[%emt 0:17:12] D46: Semi-Slav: 5 e3 Nbd7 6 Bd3, Black avoids the Meran} (9. e4 dxe4 10. Nxe4 b6 {½-½ (10) Guidarelli,L (2422)-Stojanovic,M (2504) Obrenovac 2004}) 9... exd5 10. b3 $146 ({Predecessor:} 10. Bd2 Re8 11. Rac1 Bd6 12. Nb5 Qb8 13. Nxd6 Qxd6 14. Bc3 b6 15. Qc2 Ne4 16. Rfe1 Nf8 {1-0 (35) Korell,K (1875)-Fock,S (1581) Berlin 2016}) 10... Re8 11. Bb2 Bd6 12. Rac1 Qd8 13. Bb1 Nf8 14. h3 Ng6 15. Bxg6 hxg6 16. Na4 Ne4 17. Nc5 a5 18. Nxe4 dxe4 19. Nd2 Qg5 20. f4 exf3 21. Rxf3 a4 22. Nc4 Bc7 23. b4 Be6 24. Ne5 a3 25. Ba1 f6 26. Ng4 Bd5 27. Rff1 Bd6 28. Rc5 Bxc5 29. dxc5 Re6 30. Qf2 Rae8 31. Bd4 f5 32. Nh2 Rxe3 33. Bxe3 Qxe3 34. Nf3 Bxf3 35. gxf3 Qc3 36. Rd1 Qxb4 37. Rd2 Re5 38. Rc2 g5 39. Kg2 Kh7 40. Kh2 Qe1 41. Kg2 Kg6 42. Kg3 Kf6 43. Kg2 Re3 44. Kg3 Ke5 45. Kg2 f4 46. h4 gxh4 47. Kh3 $19 Kf5 48. Rd2 Qh1+ 0-1

[Event "WTCC-65 2018"]
[Site "Radebeul"]
[Date "2018.07.11"]
[Round "5"]
[White "Rosen, Willy"]
[Black "Baum, Bernd"]
[Result "1/2-1/2"]
[ECO "C11"]
[WhiteElo "2161"]
[BlackElo "2280"]
[Annotator "NA"]
[PlyCount "83"]
[EventDate "2018.07.07"]
[EventType "team-tourn"]
[EventCountry "GER"]
[SourceTitle "playchess.com"]
[Source "ChessBase"]
[SourceQuality "1"]
[TimeControl "40/5400+30:1800+30"]

1. e4 e6 2. d4 d5 3. Nc3 Nf6 4. Bg5 dxe4 5. Nxe4 Nbd7 6. Nf3 $11 h6 7. Nxf6+ Nxf6 8. Bxf6 Qxf6 9. Bb5+ c6 10. Bd3 Bd6 11. Qe2 O-O 12. O-O c5 13. Qe4 g6 14. h4 h5 15. dxc5 Bxc5 16. c3 Rd8 17. Rad1 Rb8 18. Qe5 Qxe5 19. Nxe5 Bd6 20. Be4 Be7 21. g3 Kf8 22. Rxd8+ Bxd8 23. Rd1 Ke7 24. Nxf7 Bc7 25. Bxg6 Bd7 26. Bxh5 Be8 27. Bg6 Rc8 28. Kg2 Bxf7 29. Bxf7 Kxf7 30. Rd7+ Kg6 31. f4 e5 32. fxe5 Bxe5 33. Rxb7 Rd8 34. Rxa7 Rd2+ 35. Kf3 Rxb2 36. Ra6+ Kf7 37. h5 Bxc3 38. g4 Rh2 39. a4 Be1 40. a5 Rf2+ 41. Ke3 Ra2 42. Ke4 1/2-1/2

[Event "WTCC-65 2018"]
[Site "Radebeul"]
[Date "2018.07.11"]
[Round "5"]
[White "Hammar, Bengt"]
[Black "Scovitin, Albert"]
[Result "1/2-1/2"]
[ECO "C14"]
[WhiteElo "2159"]
[BlackElo "2004"]
[Annotator "NA"]
[PlyCount "108"]
[EventDate "2018.07.07"]
[EventType "team-tourn"]
[EventCountry "GER"]
[SourceTitle "playchess.com"]
[Source "ChessBase"]
[SourceQuality "1"]
[TimeControl "40/5400+30:1800+30"]

1. e4 e6 2. d4 d5 3. Nc3 Nf6 4. Bg5 Be7 5. e5 Nfd7 6. Bxe7 Qxe7 7. f4 a6 8. Nf3 c5 9. Qd2 Nc6 10. dxc5 Nxc5 11. Bd3 O-O 12. O-O f6 13. exf6 Qxf6 14. Ne5 Nxd3 15. Nxd3 Qd4+ 16. Kh1 Bd7 17. Rae1 Rae8 18. Ne2 Qf6 19. Ng3 Bc8 20. Ne5 Nxe5 21. Rxe5 Rf7 22. Kg1 Ref8 23. Rf3 Qd8 24. Qd4 Qc7 25. Rc3 Qa5 26. Ra3 Qb5 27. Ne2 Rc7 28. Rc3 Rxc3 29. Qxc3 Qb6+ 30. Nd4 Bd7 31. Qe3 Qxb2 32. h4 Qxa2 33. Rg5 Qb1+ 34. Kh2 Qb4 35. Nxe6 Bxe6 36. Qxe6+ Kh8 37. Rf5 h6 38. c3 Qc5 39. c4 Rxf5 40. Qxf5 Qxc4 41. Qf8+ Kh7 42. Qf5+ Kg8 43. Qe6+ Kf8 44. Qd6+ Ke8 45. Qe6+ Kd8 46. Qg8+ Kc7 47. Qxg7+ Kb8 48. Qxh6 d4 49. Qd6+ Ka7 50. h5 d3 51. h6 Qc3 52. Qe5 Qxe5 53. fxe5 d2 54. h7 d1=Q 1/2-1/2